 Dungeon Crawl Stone Soup version 0.21-a0-241-g2cbab09 (webtiles) character file.

6 tidbits the Caller (level 1, 0/13 HPs)
             Began as a Demonspawn Summoner on Sept 3, 2017.
             Killed from afar by an orc wizard (5 damage)
             ... with a puff of flame
             ... on level 4 of the Dungeon.
             The game lasted 00:02:23 (320 turns).

tidbits the Caller (Demonspawn Summoner)             Turns: 320, Time: 00:02:24

Health: 0/13       AC:  6    Str:  8    XL:     1   Next: 75%
Magic:  0/3        EV: 11    Int: 16    God:
Gold:   74         SH:  0    Dex: 13    Spells: 3/4 levels left

rFire    . . .     SeeInvis .   a - +0 dagger
rCold    . . .     Gourm    .   (no shield)
rNeg     . . .     Faith    .   B - +3 leather armour
rPois    .         Spirit   .   (no helmet)
rElec    .         Reflect  .   (no cloak)
rCorr    .         Harm     .   (no gloves)
MR       .....                  (no boots)
Stlth    ++........             (no amulet)
HPRegen  0.04/turn              (no ring)
MPRegen  0.08/turn              (no ring)

@: no status effects
A: no striking features
a: no special abilities


You were on level 4 of the Dungeon.
You were not hungry.

You visited 1 branch of the dungeon, and saw 4 of its levels.

You collected 74 gold pieces.

Inventory:

Hand Weapons
 a - a +0 dagger (weapon)
Armour
 e - a +0 robe
 k - a cursed +0 chain mail
 B - a +3 leather armour (worn)
Scrolls
 g - 2 scrolls of identify {unknown}
 i - a scroll of teleportation {unknown}
Potions
 d - a potion of ambrosia {unknown}
 h - a potion of magic {unknown}
 j - a potion of lignification {unknown}
 l - a potion of cancellation {unknown}
Books
 b - a book of Callings

   Spells                             Type                      Level
   a - Summon Small Mammal            Summoning                    1
   b - Call Imp                       Summoning                    2
   c - Call Canine Familiar           Summoning                    3
   d - Summon Guardian Golem          Hexes/Summoning              3
   e - Summon Lightning Spire         Summoning/Air                4
   f - Summon Ice Beast               Ice/Summoning                4
Comestibles
 c - a bread ration
 f - a royal jelly


   Skills:
 - Level 1.7 Dodging
 - Level 1.7 Stealth
 + Level 2.2 Spellcasting
 * Level 4.1 Summonings


You had 3 spell levels left.
You knew the following spells:

 Your Spells              Type           Power        Failure   Level  Hunger
z - Summon Small Mammal   Summ           ###.         5%          1    #......


Dungeon Overview and Level Annotations

Branches:
Dungeon (4/15)
 Temple: D:4-7

Altars:


Message History

Casting: Summon Small Mammal
Confirm with . or Enter, or press ? or * to list all spells.
You see here a coppery potion.
Casting: Summon Small Mammal
Confirm with . or Enter, or press ? or * to list all spells.
j - a coppery potion The quokka closely misses your rat.
Your rat misses the quokka.
Your rat completely misses the quokka.
The quokka barely misses you.
You hit the quokka but do no damage.
Your rat barely misses the quokka.
The quokka barely misses you.
Your rat misses the quokka. You hit the quokka.
The quokka is heavily wounded.
Your rat barely misses the quokka.
The quokka bites you but does no damage.
Your rat barely misses the quokka.
You barely miss the quokka.
The quokka is heavily wounded.
Your rat misses the quokka. The quokka closely misses you.
Your rat bites the quokka but does no damage.
You closely miss the quokka.
The quokka is heavily wounded.
Your rat misses the quokka. The quokka misses you.
Your rat misses the quokka. You barely miss the quokka.
The quokka is heavily wounded.
The quokka bites you but does no damage.
Your rat misses the quokka.
Your rat bites the quokka.
The quokka barely misses you.
You closely miss the quokka.
The quokka is almost dead.
Your rat closely misses the quokka.
The quokka barely misses you.
Your rat bites the quokka.
The quokka dies!
There is a stone staircase leading down here.
You climb downwards.
Your summoned allies are left behind.
A kobold comes into view. It is wielding a dagger.
Found 20 gold pieces.
There is a stone staircase leading up here.
The helpless kobold fails to defend itself.
You hit the kobold.
You kill the kobold!
Things that are here:
a dagger; 3 stones
Found a glowing chain mail.
You now have 39 gold pieces (gained 6).
Found 16 gold pieces.
You see here a glowing chain mail.
k - a glowing chain mail You now have 55 gold pieces (gained 16).
Found a stone staircase leading down.
There is a stone staircase leading down here.
You climb downwards.
Found 19 gold pieces and a dagger.
There is a stone staircase leading up here.
You now have 74 gold pieces (gained 19).
Found a fuming dark potion.
Found a meat ration.
An orc comes into view. It is wielding a war axe.
An orc wizard comes into view. It is wielding a dagger.
You see here a fuming dark potion.
The orc wizard shouts!
The orc shouts! 2 orcs come into view.
You see here a fuming dark potion.
l - a fuming dark potion An orc comes into view.
It is wielding a club.
You see here a dagger.
There is a stone staircase leading up here.
Casting: Summon Small Mammal
Confirm with . or Enter, or press ? or * to list all spells.
Casting: Summon Small Mammal
Confirm with . or Enter, or press ? or * to list all spells.
The orc wizard looks braver for a moment.
Your quokka bites the orc.
Casting: Summon Small Mammal
Confirm with . or Enter, or press ? or * to list all spells.
Your quokka bites the orc.
The orc dies!
Casting: Summon Small Mammal
Confirm with . or Enter, or press ? or * to list all spells.
You don't have enough magic to cast that spell.
What are your orders? t - Shout!
Orders for allies: a - Attack new target. r - Retreat! s - Stop attacking. g - Guard the area. f - Follow me.
Anything else - Cancel.
Gang up on whom?
Press: ? - help, Dir - move target cursor, f - orc wizard
Aim: an orc wizard, wielding a dagger and wearing a robe Attack!
The orc wizard points at you and mumbles some strange words.
The puff of frost hits you!
Ouch! That really hurt!
* * * LOW HITPOINT WARNING * * *
Your quokka barely misses the orc wizard.
Your rat barely misses the orc wizard.
You see here a war axe.
Your quokka misses the orc wizard.
The orc wizard points at you and mumbles some strange words.
The puff of flame hits you!
You die...

####### ##....@##
##....)..##
#...ror...#
#....r....#
#.........#
#.).......#
#####o........#
#####...o........##
#%..o.###.........#


You could see an orc wizard, 2 orcs, 2 friendly quokkas and a friendly rat.

Vanquished Creatures
  A kobold (D:3)
  A rat (D:1)
2 creatures vanquished.

Vanquished Creatures (collateral kills)
  An orc (D:4)
  A quokka (D:2)
  A kobold (D:1)
  A rat (D:1)
4 creatures vanquished.

Grand Total: 6 creatures vanquished

Notes
Turn   | Place    | Note
-------+----------+-------------------------------------------
     0 | D:1      | tidbits the Demonspawn Summoner began the quest for the Orb.
     0 | D:1      | Reached XP level 1. HP: 13/13 MP: 3/3
   300 | D:4      | Noticed an orc wizard
   320 | D:4      | Killed from afar by an orc wizard

Vault maps used:
D:1:      co_arrival_hexagon_in_a_hexagon, minmay_strange_pillars,
          hangedman_decor_lopped
D:3:      gammafunk_temple_overflow_elements, nicolae_qazlal_eye_of_the_storm
D:4:      chequers_temple_overflow_minitemple,
          minmay_temple_entry_statues_pillars, first_bread, uniq_blork_the_orc

Action                   || total
-------------------------++-------
Melee: Dagger            ||    11
 Cast: Summon Small Mamm ||     8
 Stab: Sleeping          ||     1
Armor: Leather armour    ||     4
Dodge: Dodged            ||     7

Table legend:
 A = Spawn XP
 B = Non-spawn XP
 C = Spawn XP percentage of total XP
 D = Spawn monster count
 E = Non-spawn monster count
 F = Spawn count percentage of total count
 G = Total turns spent on level
                    A         B        C        D         E        F      G
               +---------+---------+-------+---------+---------+-------+---------
         Total |       0 |       9 |   0.0 |       0 |       6 |   0.0 |   320
               +---------+---------+-------+---------+---------+-------+---------
           D:1 |       0 |       3 |   0.0 |       0 |       3 |   0.0 |   206
           D:2 |       0 |       2 |   0.0 |       0 |       1 |   0.0 |    39
           D:3 |       0 |       2 |   0.0 |       0 |       1 |   0.0 |    39
           D:4 |       0 |       2 |   0.0 |       0 |       1 |   0.0 |    36
               +---------+---------+-------+---------+---------+-------+---------

Table legend:
 A = Turns spent in this place as a percentage of turns spent in the entire game.
 B = Non-inter-level travel turns spent in this place as a percentage of non-inter-level travel turns spent in the entire game.
 C = Inter-level travel turns spent in this place as a percentage of turns spent in this place.
 D = Turns resting spent in this place as a percentage of non-inter-level travel turns spent in this place.
 E = Turns spent auto-exploring this place as a percentage of non-inter-level travel turns spent in this place.
 F = Non-inter-level travel turns spent in this place divided by the number of levels of this place that you've seen.
                   A       B       C       D       E      F
               +-------+-------+-------+-------+-------+----------------------
         Total | 100.0 | 100.0 |   3.4 |   0.0 |   0.0 |  77.2
       Dungeon | 100.0 | 100.0 |   3.4 |   0.0 |   0.0 |  77.2
               +-------+-------+-------+-------+-------+----------------------

Table legend:
 A = Kills in this place as a percentage of kills in entire the game.
 B = Kills by you in this place as a percentage of kills by you in the entire game.
 C = Kills by friends in this place as a percentage of kills by friends in the entire game.
 D = Other kills in this place as a percentage of other kills in the entire game.
 E = Experience gained in this place as a percentage of experience gained in the entire game.
 F = Experience gained in this place divided by the number of levels of this place that you have seen.
                   A       B       C       D       E      F
               +-------+-------+-------+-------+-------+----------------------
         Total | 100.0 | 100.0 | 100.0 |   N/A | 100.0 |   2.2
       Dungeon | 100.0 | 100.0 | 100.0 |   N/A | 100.0 |   2.2
               +-------+-------+-------+-------+-------+----------------------

Vault maps used:
D:1:      co_arrival_hexagon_in_a_hexagon, minmay_strange_pillars,
          hangedman_decor_lopped
D:3:      gammafunk_temple_overflow_elements, nicolae_qazlal_eye_of_the_storm
D:4:      chequers_temple_overflow_minitemple,
          minmay_temple_entry_statues_pillars, first_bread, uniq_blork_the_orc
